Map: Terrasses de Prion

Players

Mikob - Winner!

  • Race: Terran Terran
  • League: Silver
  • Spawn Location: 5:00

zidar

  • Race: Zerg Zerg
  • League: Silver
  • Spawn Location: 11:00

VOD

Have the link to the VOD?

Description

Time

  • Played on: Nov. 25, 2015, 3:13 p.m.
  • Length: 5:17
Show
View Real Time Build Order
Export as new Build Order

Mikob Terran - Winner!

Build Orders:  

Get SALT Encoding   

  12  0:01  SCV  
  13  0:13  SCV  
  14  0:23  Supply Depot  
  14  0:25  SCV  
  15  0:31  Refinery  
  15  0:45  SCV  
  15  0:49  Barracks  
  16  0:57  SCV  
  17  1:06  Barracks  
  17  1:09  SCV  
  18  1:21  SCV  
  18  1:25  Barracks  
  19  1:33  SCV  
  20  1:44  Refinery  
  20  1:46  Reaper  
  21  1:51  Orbital Command  
  21  2:03  Supply Depot  
  21  2:12  Reaper x2  
  23  2:24  Reaper, SCV  
  25  2:36  Barracks  
  25  2:44  Reaper x2  
  25  2:46  Supply Depot  
  27  2:56  Reaper, SCV  
  29  3:16  Reaper  
  30  3:38  Reaper x3  
  33  3:42  SCV  
  34  3:48  Reaper  
  34  3:49  Engineering Bay  
  36  3:55  SCV  
  36  4:10  Reaper x2  
Show
View Real Time Build Order
Export as new Build Order

zidar Zerg 

Build Orders: Hatch First 

Get SALT Encoding   

  12  0:02  Drone  
  13  0:12  Overlord  
  13  0:17  Drone  
  14  0:30  Drone x2  
  14  0:35  Drone  
  17  0:56  Hatchery, Drone  
  17  1:12  Spawning Pool, Drone  
  17  1:18  Extractor  
  17  1:19  Drone  
  17  1:22  Drone  
  18  1:37  Overlord  
  18  1:51  Drone  
  19  1:59  Queen  
  21  2:05  Drone  
  21  2:06  Drone  
  23  2:11  Queen  
  25  2:21  Drone  
  26  2:36  Zergling x6  
  29  2:37  Zergling x2  
  29  2:38  Zergling x2  
  29  2:40  Metabolic Boost  
  31  2:46  Drone  
  31  3:47  Spine Crawler, Zergling x12  
  36  3:54  Baneling Nest  
Tags
 
Add a new tag
Caveats
  • Supply blocks, unpowered buildings, or Contaminate may cause inaccurate times.
  • Supply counts are checked every 10 seconds.